 Dungeon Crawl Stone Soup version 0.29.1-2-gbd0b4ee654 (webtiles) character file.

Game seed: 8641012006716900915

17243 Szperacz the Cleaver (level 12, -5/106 HPs)
             Began as a Minotaur Berserker on Nov 9, 2022.
             Was a Priest of Trog.
             Slain by a sun demon (9 damage)
             ... summoned by an orc high priest
             ... on level 2 of the Orcish Mines.
             The game lasted 02:21:42 (15023 turns).

Szperacz the Cleaver (Minotaur Berserker)          Turns: 15023, Time: 02:21:42

Health: -5/106     AC: 18    Str: 22    XL:     12   Next: 17%
Magic:  0/11       EV: 13    Int:  4    God:    Trog [***...]
Gold:   1185       SH: 14    Dex: 15    Spells: 11/11 levels left

rFire   . . .      SeeInvis .   i - +3 broad axe (freeze)
rCold   . . .      Faith    .   X - +0 tower shield
rNeg    . . .      Spirit   +   e - +2 plate armour
rPois   .          Reflect  .   (helmet restricted)
rElec   .          Harm     .   (no cloak)
rCorr   .          Rampage  .   L - +0 pair of gloves
Will    ++...                   (no boots)
Stlth   ..........              c - amulet of guardian spirit
HPRegen 1.27/turn               g - +4 ring of evasion
MPRegen 0.12/turn               S - +4 ring of evasion

@: strong-willed, on berserk cooldown, regenerating, slowed, studying Long
Blades, very slow
A: horns 2, retaliatory headbutt
a: Renounce Religion, Berserk, Trog's Hand


You were on level 2 of the Orcish Mines.
You worshipped Trog.
Trog was most pleased with you.
You visited 3 branches of the dungeon, and saw 14 of its levels.
You also visited: Sewer.

You collected 1450 gold pieces.
You spent 265 gold pieces at shops.

Inventory:

Hand Weapons
 d - a +0 halberd
 i - a +3 broad axe of freezing (weapon)
 n - a +1 quarterstaff of draining
 o - the +7 spear of Zuluwaad {vorpal, rC++}
   (You found it on level 3 of the Dungeon)

   It inflicts extra damage upon your enemies.
   rC:        It greatly protects you from cold.
 r - the +6 dagger of Autumn {freeze, *Rage +Blink rC+++ rN+ rCorr}
   (You found it on level 11 of the Dungeon)

   It freezes those it strikes, dealing additional cold damage.
   It can also slow down cold-blooded creatures.
   rC:        It renders you almost immune to cold.
   rN:        It protects you from negative energy.
   +Blink:    It lets you blink.
   *Rage:     It berserks you when you make melee attacks (+20% chance).
   rCorr:     It protects you from acid and corrosion.
 x - a +1 antimagic glaive
 z - a +0 arbalest of freezing
 A - a +2 trident of flaming
 D - a +2 vorpal flail
 N - a +3 flail of freezing
 P - a +4 falchion
 Q - a +4 flail of freezing
 R - a +2 great sword of freezing
Missiles
 v - 5 boomerangs
 J - 75 stones
 T - 2 javelins
Armour
 e - a +2 plate armour (worn)
 s - a +0 chain mail of poison resistance
 L - a +0 pair of gloves (worn)
 X - a +0 tower shield (worn)
Magical Staves
 w - a staff of fire
 M - a staff of poison
Jewellery
 c - an amulet of guardian spirit (around neck)
 g - a +4 ring of evasion (left hand)
 k - an amulet of guardian spirit
 S - a +4 ring of evasion (right hand)
 U - a ring of resist corrosion
Wands
 f - a wand of charming (12)
 B - a wand of roots (3)
 E - a wand of polymorph (10)
 K - a wand of flame (10) (quivered)
 Z - a wand of mindburst (10)
Scrolls
 a - a scroll of brand weapon
 b - a scroll of butterflies
 h - a scroll of enchant armour
 m - a scroll of poison
 p - a scroll of torment
 q - 2 scrolls of vulnerability
 u - a scroll of identify
 y - 2 scrolls of immolation
 F - 5 scrolls of teleportation
 H - a scroll of noise
 W - 3 scrolls of amnesia
Potions
 j - 2 potions of cancellation
 l - 3 potions of curing
 t - 8 potions of flight
 G - 3 potions of mutation
 I - a potion of degeneration
 O - 2 potions of ambrosia
 Y - a potion of brilliance


   Skills:
 + Level 10.1 Fighting
 + Level 13.1(14.9) Axes
 + Level 11.6(14.1) Polearms
 + Level 3.8 Throwing
 + Level 11.1 Armour
 + Level 4.2 Dodging
 + Level 1.6 Stealth
 + Level 5.5 Shields


You had 11 spell levels left.
You didn't know any spells.
Your spell library contained the following spells:

 Spells                   Type           Power      Damage    Failure   Level
 Magic Dart               Conj           0%         1d3       100%        1
 Slow                     Hex            0%         N/A       100%        1
 Searing Ray              Conj           0%         2d4       100%        2
 Call Canine Familiar     Summ           0%         N/A       100%        3
 Confusing Touch          Hex            0%         N/A       100%        3
 Dazzling Flash           Conj/Hex       0%         N/A       100%        3
 Gell's Gravitas          Tloc           0%         N/A       100%        3
 Lesser Beckoning         Tloc           0%         N/A       100%        3
 Portal Projectile        Hex/Tloc       0%         N/A       100%        3
 Teleport Other           Tloc           0%         N/A       100%        3
 Vampiric Draining        Necr           0%         2d6       100%        3
 Fulminant Prism          Conj/Hex       0%         3d6       100%        4
 Iskenderun's Mystic Bla  Conj/Tloc      0%         2d3       100%        4
 Leda's Liquefaction      Hex/Erth       0%         N/A       100%        4
 Petrify                  Tmut/Erth      0%         N/A       100%        4
 Alistair's Intoxication  Tmut/Pois      0%         N/A       100%        5
 Borgnjor's Vile Clutch   Necr/Erth      0%         N/A       100%        5
 Metabolic Englaciation   Hex/Ice        0%         N/A       100%        5
 Eringya's Noxious Bog    Tmut/Pois      0%         N/A       100%        6
 Starburst                Conj/Fire      0%         6d3       100%        6
 Statue Form              Tmut/Erth      0%         N/A       100%        6


Dungeon Overview and Level Annotations

Branches:
Dungeon (11/15)            Temple (1/1) D:6            Lair (0/5) D:11
    Orc (2/2) D:11            Elf (0/3) Orc:2         Sewer (visited)

Altars:
Ashenzari
Cheibriados
Dithmenos
Elyvilon
Fedhas
Gozag
Hepliaklqana
Kikubaaqudgha
Makhleb
Nemelex Xobeh
Okawaru
Qazlal
Ru
Sif Muna
Trog
Uskayaw
Vehumet
Wu Jian
Xom
Yredelemnul
Zin
The Shining One
Jiyva

Shops:
D:2 (   D:11 (

Annotations:
Orc:2 1 runed translucent door, PanSaczeczos's ghost, journeyman KoEn


Innate Abilities, Weirdness & Mutations

You have a pair of horns on your head.
You reflexively headbutt those who attack you in melee.


Message History

You feel a strong urge to attack something.
You block the orc priest's attack.
The orc high priest mumbles some strange prayers to Beogh.
The orc knight hits you from afar with a +0 bardiche!
Items here: )))) [[[ ††.
You hit the orc priest. You freeze the orc priest.
The orc priest is heavily wounded.
You block the orc priest's attack. You block the orc knight's attack.
You barely miss the orc priest.
The orc priest is heavily wounded.
An orc high priest comes into view. It is wielding a +0 scimitar.
The orc knight hits you from afar with a +0 bardiche.
You hit the orc warrior. You freeze the orc warrior.
The orc warrior is lightly wounded.
You are no longer berserk.
You are exhausted.
You feel yourself slow down.
You completely miss the orc warrior.
The orc warrior is lightly wounded.
The orc knight completely misses you.
The orc knight hits you from afar with a +0 bardiche!!
* * * LOW HITPOINT WARNING * * *
You block the orc warrior's attack.
The orc high priest utters an invocation to Beogh.
You hear a shout!
Okay, then.
Okay, then.
Okay, then.
As you read the scroll of fear, it crumbles to dust.
You assume a fearsome visage.
The sun demon easily resists.
The orc knight looks frightened!
The orc warrior looks frightened!
The orc high priest looks frightened! x2; The ice devil looks frightened!
The ynoxinul looks frightened!
You hear a shout!
The orc warrior no longer looks unusually strong.
The orc high priest cowers, then darts away.
The sun demon attacks as you move away! The sun demon hits you!!
* * * LOW HITPOINT WARNING * * *
You are engulfed in flames!
You die...

..#####.##..........
#.##.......... #.##..........
##.##.......... # #..##..........
.#o# ##.###.......... 4o... ##..#
#.......... #...oo##..##
#.......... #o3@)## #..........
###### #...)......
##################..)......)
##..........#..........)..... ##
#............................ .##
##...........................
..###............................
.###.............................
.................................


You could see an orc knight (strong, fleeing), 2 orc high priests, a sun demon
(summoned), an ice devil (summoned, fleeing), an orc warrior (fleeing) and an
orc priest (strong).

Vanquished Creatures
  A boulder beetle (D:11)
  Erica (D:10)
  A two-headed ogre (D:10)
  4 deep elf pyromancers (Orc:2)
  4 deep elf zephyrmancers (Orc:2)
  3 orc sorcerers (Orc:2)
  A gargoyle (D:11)
  Maggie (D:5)
  4 trolls
  A hornet (D:9)
  A wraith (D:10)
  3 wyverns
  2 shadows (D:11)
  7 yaks (D:10)
  A basilisk (D:11)
  2 steam dragons
  2 wargs (D:11)
  An acid dragon (D:11)
  13 orc warriors
  3 ice beasts
  4 ogres
  5 centaurs
  2 phantoms
  2 bullfrogs
  4 kobold brigands
  2 necrophages
  16 wights
  3 scorpions
  7 killer bees
  A howler monkey (D:6)
  7 jellies
  3 hounds (D:5)
  A gnoll bouda (D:5)
  13 orc priests
  5 iguanas
  Ijyb (D:3)
  18 orc wizards
  A mummy (D:7)
  13 gnolls
  11 adders
  3 river rats (Sewer)
  3 shadow imps
  5 white imps
  An ufetubus (D:4)
  5 worms
  2 dart slugs
  62 orcs
  8 endoplasms
  4 giant cockroaches
  4 goblins
  5 hobgoblins
  2 jackals (Sewer)
  9 quokkas
  13 ball pythons
  10 bats
  6 frilled lizards
  28 kobolds
  5 rats
350 creatures vanquished.

Vanquished Creatures (collateral kills)
  A two-headed ogre (D:9)
  3 orcs (D:9)
4 creatures vanquished.

Grand Total: 354 creatures vanquished

Notes
Turn   | Place    | Note
-------+----------+-------------------------------------------
     0 | D:1      | Szperacz the Minotaur Berserker began the quest for the
                  | Orb.
     0 | D:1      | Reached XP level 1. HP: 19/19 MP: 0/0
   391 | D:1      | You fall into a shaft and drop 1 floor!
   590 | D:1      | Reached skill level 4 in Axes
   590 | D:1      | Reached XP level 2. HP: 22/27 MP: 1/1
  1317 | D:2      | Reached XP level 3. HP: 29/33 MP: 2/2
  1535 | D:2      | Found a sacrificial altar of Ru.
  1554 | D:2      | Found a faded altar of an unknown god.
  1625 | D:2      | Found Zibbiesy's Weapon Boutique.
  1709 | D:3      | Reached ** piety under Trog
  1712 | D:3      | Identified the +7 spear of Zuluwaad {vorpal, rC++}
  1858 | D:3      | Noticed Ijyb
  1872 | D:3      | Killed Ijyb
  1873 | D:3      | Reached XP level 4. HP: 34/41 MP: 3/3
  1957 | D:3      | Reached skill level 5 in Axes
  1984 | D:3      | Found a radiant altar of Vehumet.
  2361 | D:4      | Reached XP level 5. HP: 40/47 MP: 1/4
  2452 | D:4      | Noticed a phantom
  2462 | D:4      | Killed a phantom
  2463 | D:4      | Reached skill level 1 in Polearms
  2474 | D:4      | Found an iron altar of Okawaru.
  2495 | D:4      | Found a shimmering blue altar of Sif Muna.
  2627 | D:4      | Noticed an ogre
  2629 | D:4      | Noticed an ogre
  2645 | D:4      | Killed an ogre
  2646 | D:4      | Reached XP level 6. HP: 36/53 MP: 2/5
  2971 | D:4      | Found a sacrificial altar of Ru.
  3224 | D:2      | Bought a +1 antimagic glaive for 265 gold pieces
  3272 | D:5      | Entered Level 5 of the Dungeon
  3272 | D:5      | Noticed an ice beast
  3285 | D:5      | Killed an ice beast
  3286 | D:5      | Reached skill level 5 in Fighting
  3286 | D:5      | Reached XP level 7. HP: 55/61 MP: 2/6
  3302 | D:5      | Reached skill level 5 in Armour
  3391 | D:5      | Reached skill level 5 in Polearms
  3953 | D:5      | Reached XP level 8. HP: 69/69 MP: 2/7
  4070 | D:5      | Reached skill level 1 in Stealth
  4152 | D:5      | Reached *** piety under Trog
  4263 | D:5      | Found a broken altar of Ashenzari.
  4492 | D:6      | Noticed Maggie
  4535 | D:5      | Killed Maggie
  4828 | D:6      | Found a staircase to the Ecumenical Temple.
  4837 | Temple   | Entered the Ecumenical Temple
  5085 | D:6      | Found a glowing drain.
  5097 | Sewer    | Entered a sewer
  5176 | Sewer    | Reached skill level 1 in Throwing
  5863 | D:6      | Found a glowing golden altar of the Shining One.
  5866 | D:6      | Noticed an angel
  5876 | D:6      | Found a basalt altar of Yredelemnul.
  5882 | D:6      | Noticed a profane servitor
  5908 | D:6      | Reached XP level 9. HP: 75/75 MP: 2/8
  6551 | D:7      | Found an ornate altar of the Wu Jian Council.
  6680 | D:7      | Reached **** piety under Trog
  6713 | D:7      | Reached skill level 10 in Polearms
  6732 | D:7      | Found a sand-covered staircase.
  7151 | D:7      | Found a stormy altar of Qazlal.
  7759 | D:7      | Reached skill level 1 in Shields
  8168 | D:8      | Found a bloodstained altar of Trog.
  8431 | D:8      | Reached skill level 6 in Axes
  8692 | D:8      | Reached XP level 10. HP: 82/86 MP: 9/9
  9255 | D:9      | Found a viscous altar of Jiyva.
  9349 | D:9      | Reached skill level 7 in Axes
  9389 | D:9      | Found an opulent altar of Gozag.
  9407 | D:9      | Found an ancient bone altar of Kikubaaqudgha.
  9684 | D:9      | Noticed a two-headed ogre
  9691 | D:9      | Killed a two-headed ogre
  9692 | D:9      | Reached skill level 8 in Axes
 10151 | D:10     | Entered Level 10 of the Dungeon
 10223 | D:10     | Noticed Erica
 10244 | D:10     | Killed Erica
 10245 | D:10     | Reached skill level 9 in Axes
 10299 | D:10     | Found a hazy altar of Hepliaklqana.
 10505 | D:10     | Found a shimmering altar of Xom.
 10720 | D:10     | Found a sparkling altar of Nemelex Xobeh.
 10844 | D:10     | Found a snail-covered altar of Cheibriados.
 11108 | D:11     | Found Asmigg's Antique Weapon Shop.
 11123 | D:11     | Reached XP level 11. HP: 95/95 MP: 10/10
 11176 | D:11     | Noticed a boulder beetle
 11738 | D:10     | Reached skill level 10 in Axes
 11856 | D:11     | Noticed a two-headed ogre
 11867 | D:10     | Killed a two-headed ogre
 12033 | D:11     | Identified the +6 dagger of Autumn {freeze, *Rage +Blink
                  | rC+++ rN+ rCorr}
 12087 | D:11     | Found a staircase to the Lair.
 12214 | D:11     | Killed a boulder beetle
 12677 | D:11     | Reached skill level 11 in Axes
 12786 | D:11     | Found a staircase to the Orcish Mines.
 12877 | D:11     | Reached skill level 10 in Armour
 13181 | Orc:1    | Entered Level 1 of the Orcish Mines
 13501 | Orc:2    | Entered Level 2 of the Orcish Mines
 13501 | Orc:2    | Found a runed translucent door.
 13609 | Orc:2    | Noticed PanSaczeczos's ghost (journeyman KoEn)
 13843 | Orc:2    | Noticed a deep elf zephyrmancer
 13843 | Orc:2    | Noticed a deep elf pyromancer
 13979 | Orc:1    | Found a bloodstained altar of Trog.
 14121 | Orc:2    | Killed a deep elf pyromancer
 14179 | Orc:2    | Killed a deep elf zephyrmancer
 14180 | Orc:2    | Reached skill level 12 in Axes
 14180 | Orc:2    | Reached skill level 5 in Shields
 14267 | Orc:2    | Noticed a deep elf zephyrmancer
 14270 | Orc:2    | Noticed a deep elf zephyrmancer
 14277 | Orc:2    | Noticed a deep elf pyromancer
 14281 | Orc:2    | Killed a deep elf zephyrmancer
 14282 | Orc:2    | Killed a deep elf zephyrmancer
 14287 | Orc:2    | Killed a deep elf pyromancer
 14635 | Orc:2    | Noticed a deep elf pyromancer
 14653 | Orc:2    | Killed a deep elf pyromancer
 14663 | Orc:2    | Noticed a deep elf pyromancer
 14671 | Orc:2    | Killed a deep elf pyromancer
 14672 | Orc:2    | Reached XP level 12. HP: 100/106 MP: 11/11
 14685 | Orc:2    | Reached skill level 10 in Fighting
 14872 | Orc:2    | Found a staircase to the Elven Halls.
 14985 | Orc:2    | Paralysed by an orc sorcerer for 5 turns
 14992 | Orc:2    | Reached skill level 13 in Axes
 15009 | Orc:2    | Noticed an orc high priest
 15019 | Orc:2    | Noticed an orc high priest
 15023 | Orc:2    | HP: 4/106 [sun demon[an orc high priest] (19)]
 15023 | Orc:2    | Slain by a sun demon

Illustrated notes

Levels and vault maps discovered:
D:1:      lemuel_arrival_room, layout_basic, hangedman_glass_teeth,
          amcnicky_mini_corridor_feature
D:2:      layout_basic, basic_altar, serial_shops, nicolae_shop_behind_doors,
          chequers_ecumenical_altar_island
D:3:      layout_rooms, lemuel_crystal_altar, uniq_ijyb
D:4:      layout_loops_cross, mainiacjoe_overflow_six_doors_small,
          overflow_temple_1_default, nicolae_ru_awakened_eye
D:5:      minmay_diamond_boxcup, layout_gridville, kennysheep_little_box
D:6:      layout_loops_cross, grunt_temple_overflow_holy_war, temple_fountains,
          portal_sewer_entry_f, kennysheep_potato, uniq_maggie
D:7:      layout_basic, mainiacjoe_overflow_concentric_impassable,
          mainiacjoe_overflow_chevrons, gup_ossuary_entry_pyramid
D:8:      layout_gridville, lemuel_round_altar, enter_bailey_6
D:9:      layout_stronghold, grunt_gozag_statues,
          nicolae_kikubaaqudgha_miasma_corner, jiyva_altar_1
D:10:     layout_loops_ring, mainiacjoe_overflow_24_doors,
          amcnicky_altar_gilded, old_standard_altar, lemuel_crystal_altar,
          kennysheep_generic_room_9, uniq_erica
D:11:     layout_basic, erik_lair_orcish_takeover, orc_0_dummy, serial_shops,
          shop
Temple:   nicolae_temple_two_arcs
Orc:1:    layout_caves, basic_altar, nicolae_orc_flooded_monolith, uniq_erolcha,
          uniq_snorg
Orc:2:    st_orc_elflike, layout_diamond_mine, ebering_ghost_reflecting_pool,
          elves_outpost_lemuel

Skill      XL: |  1  2  3  4  5  6  7  8  9 10 11 12 |
---------------+-------------------------------------+-----
Axes           | 4 5 6 9 12 13 | 13.1
Fighting       | 4 5 6 7 8 9 10 | 10.1
Dodging        | 3 4 |  4.2
Armour         | 3 4 6 7 8 9 10 11 | 11.1
Polearms       | 2 4 6 9 11 | 11.6
Stealth        | 1 |  1.6
Throwing       | 1 2 3 |  3.8
Shields        | 2 3 5 |  5.5

Action                   |  1- 3 |  4- 6 |  7- 9 | 10-12 || total
-------------------------+-------+-------+-------+-------++-------
Melee: Hand axe          |    68 |       |       |       ||    68
       Punch             |     1 |       |       |       ||     1
       Headbutt          |     6 |     5 |    40 |    75 ||   126
       Spear             |    18 |    67 |       |       ||    85
       Glaive            |       |       |   336 |       ||   336
       Broad axe         |       |       |    44 |   363 ||   407
Throw: Stone             |     5 |    14 |    22 |       ||    41
       Dart              |       |       |    16 |    20 ||    36
       Javelin           |       |       |       |     3 ||     3
Invok: Trog's Hand       |     2 |     1 |     5 |    13 ||    21
       Berserk           |       |       |     6 |    14 ||    20
       Brothers in Arms  |       |       |       |     2 ||     2
  Use: Scroll            |     3 |       |    13 |     7 ||    23
       Potion            |     3 |       |     8 |     1 ||    12
 Stab: Invisible         |       |       |     2 |       ||     2
Armor: Leather armour    |     6 |       |       |       ||     6
       Ring mail         |    13 |       |       |       ||    13
       Chain mail        |       |     7 |    95 |       ||   102
       Plate armour      |       |       |    35 |   149 ||   184
Dodge: Dodged            |    42 |    17 |   215 |   139 ||   413
Block: Kite shield       |       |       |    39 |    34 ||    73
       Tower shield      |       |       |       |   134 ||   134
